 Dungeon Crawl Stone Soup version 0.31-a0-180-g519b7de00c (webtiles) character file.

Game seed: 2476949242422239746

14458 qw the Cleaver (level 12, -7/76 HPs)
             Began as a Gargoyle Fighter on June 19, 2023.
             Was an Elder of Okawaru.
             Mangled by a bog body (11 damage)
             ... on level 2 of the Lair of Beasts.
             The game lasted 00:04:54 (9269 turns).

qw the Cleaver (Gargoyle Fighter)                   Turns: 9269, Time: 00:04:55

Health: -7/76      AC: 35    Str: 25    XL:     12   Next: 16%
Magic:  16/18      EV: 14    Int:  9    God:    Okawaru [****..]
Gold:   481        SH:  8    Dex:  9    Spells: 11/11 levels left

rFire   . . .        e - +0 broad axe
rCold   . . .        b - +2 buckler
rNeg    + . .        x - +2 plate armour {Will+}
rPois   inf          k - +0 helmet
rElec   +            i - +0 cloak
rCorr   .            a - +2 pair of gloves
SInv    .            u - +0 pair of boots
Will    +....        c - amulet of regeneration Stlth
                     w - +4 ring of slaying {mikee}
HPRegen 1.12/turn    s - +5 ring of evasion
MPRegen 0.16/turn

%: no passive effects
@: about to teleport, heroic
A: sickness immunity, AC +8, negative energy resistance 1, electricity
resistance, torment resistance 1, petrification resistance, hooves 1, wild magic
1, MP-powered wands
a: Renounce Religion, Heroism, Finesse


You were on level 2 of the Lair of Beasts.
You worshipped Okawaru.
Okawaru was greatly pleased with you.
You visited 3 branches of the dungeon, and saw 12 of its levels.

You collected 481 gold pieces.


Innate Abilities, Weirdness & Mutations

You are immune to sickness and miasma.
Your stone body is resilient. (AC +8)
You are immune to poison.
You resist negative energy. (rN+)
You are resistant to electric shocks. (rElec)
You are resistant to unholy torment.
You are immune to petrification.
You have large cloven feet.
Your spells are a little harder to cast, but a little more powerful.
You expend magic power (3 MP) to strengthen your wands.


   Skills:
 - Level 9.0(14.0) Fighting
 + Level 11.8(16.8) Axes
 - Level 4.0(9.0) Throwing
 - Level 9.0(14.0) Armour
 - Level 1.0(6.0) Dodging
 - Level 6.1(11.1) Shields
 + Level 8.2 Invocations


You had 11 spell levels left.
You didn't know any spells.
Your spell library was empty.

Inventory:

Hand Weapons
 e - a +0 broad axe (weapon)
 y - a +2 flail of protection
Missiles
 n - a silver javelin
 v - 2 javelins (quivered)
Armour
 a - a +2 pair of gloves (worn)
 b - a +2 buckler (worn)
 i - a +0 cloak (worn)
 k - a +0 helmet (worn)
 u - a +0 pair of boots (worn)
 x - a +2 plate armour of willpower (worn)
Jewellery
 c - an amulet of regeneration (around neck)
 h - a ring of resist corrosion
 s - a +5 ring of evasion (right hand)
 w - a +4 ring of slaying (left hand) {mikee}
 Y - a ring of resist corrosion
Scrolls
 m - a scroll of teleportation
 t - 2 scrolls of identify
Potions
 d - 3 potions of might
 f - 2 potions of mutation
 g - 2 potions of heal wounds
 j - a potion of lignification
 l - 6 potions of curing
 q - 4 potions of enlightenment
 r - 2 potions of attraction

Dungeon Overview and Level Annotations

Branches:
Dungeon (9/15)             Temple (1/1) D:7            Lair (2/5) D:9
  Swamp (0/4) Lair:2
  Snake: Lair:2-3    Spider: Lair:2-3       Orc: D:9-12

Altars:
Ashenzari
Cheibriados
Dithmenos
Elyvilon
Fedhas
Gozag
Hepliaklqana
Kikubaaqudgha
Makhleb
Nemelex Xobeh
Okawaru
Qazlal
Ru
Sif Muna
Trog
Uskayaw
Vehumet
Wu Jian
Xom
Yredelemnul
Zin
The Shining One

Shops:
D:8 (

Annotations:
D:2 exclusion: 4 jackals
D:4 2 transporters
Lair:2 3 runed translucent doors, qw's ghost, journeyman GrFi


Message History

Okawaru accepts your kill.
Your Invocations skill increases to level 8!
A bog body is nearby!
A bog body comes into view.
The ice encasing you melts away.
You see here a rime drake corpse.
You closely miss the bog body.
The bog body touches you but does no damage.
You slash the bog body!
The bog body is moderately damaged.
The bog body barely misses you.
You slice the bog body!!
You destroy the bog body!
Okawaru is honoured by your kill.
You can now enter into single combat with a foe.
Okawaru will now gift you equipment as you gain piety.
The komodo dragon hisses menacingly.
A bog body is nearby!
You see here a bog body corpse.
Enter note:
Enter note:
Enter note:
Enter note: You barely miss the bog body.
The bog body touches you! The bog body freezes you!
9267 ||| INVOKING Heroism.
You gain the combat prowess of a mighty hero.
You can no longer enter into single combat with a foe.
Okawaru will no longer gift you equipment.
The bog body touches you but does no damage.
You slice the bog body!!
The bog body is heavily damaged.
The bog body casts a spell at you. The bolt of cold hits you!!!
Ouch! That really hurt!
9269 ||| READING 2 scrolls of teleportation.
As you read the scroll of teleportation, it crumbles to dust.
You feel strangely unstable. The bog body touches you!
The bog body freezes you!
You die...

....#.[.....#..............
.#..#../:!?Y#..............
#...#.#...#D#..............
%...#..#.#lk#..............
....#.#...#W#...#..........
....#Y......#..##..........
....#.......#..%###.....#..
....###+++###..%#.P..###...
................@¤¤...# #.
......(..........n7¤~..#
P#...............¤¤¤~~..
##...........>..¤7¤¤¤~ .
#................¤¤7~7..
!.................¤¤~...
..................¤.....
...............##.#.....
###..........


You could see a komodo dragon, a bog body, a yak, a rime drake, a steam dragon
and qw's ghost.

Vanquished Creatures
  2 two-headed ogres
  A death yak (D:9)
  A bog body (Lair:2)
  An elephant (D:9)
  A gargoyle (D:8)
  An unseen horror (D:7)
  3 cane toads
  A rime drake (Lair:2)
  4 komodo dragons
  A polar bear (Lair:1)
  A hornet (D:7)
  A wraith (D:9)
  6 wyverns
  25 yaks
  2 basilisks
  An acid dragon (D:8)
  7 water moccasins
  An ice beast (D:7)
  An orc warrior (D:9)
  A black bear (D:9)
  3 sky beasts
  An ogre (D:5)
  4 centaurs
  3 wolves (Lair:2)
  3 scorpions
  Blork the orc (D:5)
  5 bullfrogs
  4 wights (D:9)
  4 killer bees (D:7)
  3 howler monkeys
  An electric eel (Lair:1)
  2 jellies
  5 hounds
  2 gnoll boudas
  5 sleepcaps
  3 iguanas (D:5)
  2 orc wizards (D:9)
  12 adders
  12 gnolls
  A shadow imp (D:7)
  A white imp (D:8)
  An ufetubus (D:6)
  A worm (D:4)
  6 dart slugs
  18 orcs
  5 bats
  5 endoplasms
  2 giant cockroaches
  8 goblins
  8 hobgoblins
  9 jackals
  12 kobolds
  2 quokkas (D:2)
  3 ball pythons
  6 frilled lizards
  5 rats (D:1)
230 creatures vanquished.

Notes
Turn   | Place    | Note
-------+----------+-------------------------------------------
     0 | D:1      | qw the Gargoyle Fighter began the quest for the Orb.
     0 | D:1      | Reached XP level 1. HP: 14/14 MP: 1/1
     0 | D:1      | 0 ||| qw: Version: 0.3-a-7-ge0c9b40
     0 | D:1      | 0 ||| qw: Game counter: 937
     0 | D:1      | 0 ||| qw: Always use a shield: true
     0 | D:1      | 0 ||| qw: God list: Okawaru
     0 | D:1      | 0 ||| qw: Allow faded altars: false
     0 | D:1      | 0 ||| qw: Do Orc after D:15 true
     0 | D:1      | 0 ||| qw: Do second Lair branch before Depths: true
     0 | D:1      | 0 ||| qw: Lair rune preference: random
     0 | D:1      | 0 ||| qw: Plans: Normal, Zot:1-4, Slime:5, God:TSO, Crypt,
                  | Tomb, Abyss, Pan, Hells, Win
     0 | D:1      | 0 ||| PLANNING D:1-11
    69 | D:1      | 69 ||| FLEEEEING.
    70 | D:1      | 70 ||| FLEEEEING.
    81 | D:1      | Reached skill level 2 in Axes
   145 | D:1      | 145 ||| Stepping ~*~*~tactically~*~*~ (hiding).
   156 | D:1      | Reached XP level 2. HP: 12/19 MP: 2/2
   156 | D:1      | 156 ||| FLEEEEING.
   157 | D:1      | 157 ||| FLEEEEING.
   158 | D:1      | 158 ||| FLEEEEING.
   159 | D:1      | 159 ||| FLEEEEING.
   160 | D:1      | 160 ||| FLEEEEING.
   161 | D:1      | 161 ||| FLEEEEING.
   162 | D:1      | 162 ||| FLEEEEING.
   164 | D:1      | 164 ||| FLEEEEING.
   166 | D:1      | 166 ||| FLEEEEING.
   167 | D:1      | 167 ||| FLEEEEING.
   168 | D:1      | 168 ||| FLEEEEING.
   169 | D:1      | 169 ||| FLEEEEING.
   170 | D:1      | 170 ||| FLEEEEING.
   171 | D:1      | 171 ||| FLEEEEING.
   172 | D:1      | 172 ||| FLEEEEING.
   173 | D:1      | 173 ||| FLEEEEING.
   174 | D:1      | 174 ||| FLEEEEING.
   175 | D:1      | 175 ||| FLEEEEING.
   176 | D:1      | 176 ||| FLEEEEING.
   177 | D:1      | 177 ||| FLEEEEING.
   178 | D:1      | 178 ||| FLEEEEING.
   179 | D:1      | 179 ||| FLEEEEING.
   180 | D:1      | 180 ||| FLEEEEING.
   320 | D:1      | 320 ||| Stepping ~*~*~tactically~*~*~ (stealth).
   348 | D:1      | 348 ||| Stepping ~*~*~tactically~*~*~ (stealth).
   366 | D:1      | 366 ||| Stepping ~*~*~tactically~*~*~ (stealth).
   421 | D:1      | Reached skill level 3 in Axes
   581 | D:1      | Reached XP level 3. HP: 23/23 MP: 3/3
   682 | D:1      | 682 ||| DROPPING +0 whip.
   686 | D:1      | 686 ||| UPGRADING to +0 cloak.
   691 | D:1      | 691 ||| READING scroll labelled TOMMEF ALEXTO.
   692 | D:1      | 692 ||| READING scroll labelled BEECOMURCHO.
   837 | D:2      | 837 ||| Stepping ~*~*~tactically~*~*~ (water).
   898 | D:2      | 898 ||| READING scroll labelled ENGASU TAHOHON.
  1075 | D:2      | 1075 ||| Stepping ~*~*~tactically~*~*~ (stealth).
  1078 | D:2      | 1078 ||| Stepping ~*~*~tactically~*~*~ (stealth).
  1092 | D:2      | 1092 ||| Stepping ~*~*~tactically~*~*~ (stealth).
  1184 | D:2      | 1184 ||| Stepping ~*~*~tactically~*~*~ (stealth).
  1204 | D:2      | Reached XP level 4. HP: 18/28 MP: 4/4
  1245 | D:2      | Found a faded altar of an unknown god.
  1642 | D:2      | 1642 ||| UPGRADING to +0 pair of gloves.
  1647 | D:2      | 1647 ||| READING scroll labelled MEOMOL TA NUMM.
  1669 | D:3      | 1669 ||| STAIRDANCE
  1703 | D:3      | 1703 ||| STAIRDANCE
  1706 | D:2      | Reached skill level 4 in Axes
  1757 | D:3      | 1757 ||| Stepping ~*~*~tactically~*~*~ (stealth).
  1765 | D:3      | 1765 ||| Stepping ~*~*~tactically~*~*~ (stealth).
  1771 | D:3      | Noticed a water moccasin
  1788 | D:3      | Killed a water moccasin
  1789 | D:3      | Reached skill level 5 in Axes
  1789 | D:3      | Reached XP level 5. HP: 10/32 MP: 5/5
  1878 | D:3      | Found a shimmering blue altar of Sif Muna.
  1947 | D:3      | 1947 ||| Stepping ~*~*~tactically~*~*~ (hiding).
  2041 | D:3      | 2041 ||| Stepping ~*~*~tactically~*~*~ (stealth).
  2286 | D:3      | Reached XP level 6. HP: 35/38 MP: 6/6
  2359 | D:3      | 2359 ||| UPGRADING to +1 ring mail of cold resistance.
  2369 | D:3      | 2369 ||| UPGRADING to ring of resist corrosion.
  2370 | D:3      | 2370 ||| READING scroll labelled BYFESERPHUR.
  2371 | D:3      | 2371 ||| READING scroll labelled MEOLEZ RARADIE.
  2407 | D:4      | Found a transporter.
  2409 | D:4      | Noticed an ice beast
  2409 | D:4      | Noticed an ice beast
  2409 | D:4      | Noticed an ice beast
  2411 | D:4      | Noticed an ice beast
  2475 | D:4      | 2475 ||| Stepping ~*~*~tactically~*~*~ (hiding).
  2484 | D:4      | Reached skill level 1 in Dodging
  2548 | D:4      | 2548 ||| FLEEEEING.
  2549 | D:4      | 2549 ||| FLEEEEING.
  2553 | D:4      | 2553 ||| FLEEEEING.
  2554 | D:4      | 2554 ||| FLEEEEING.
  2555 | D:4      | 2555 ||| FLEEEEING.
  2559 | D:4      | 2559 ||| FLEEEEING.
  2560 | D:4      | 2560 ||| FLEEEEING.
  2561 | D:4      | 2561 ||| FLEEEEING.
  2777 | D:4      | Reached skill level 6 in Axes
  2893 | D:4      | Found a transporter.
  3254 | D:4      | 3254 ||| DROPPING +0 scale mail.
  3255 | D:4      | 3255 ||| DROPPING +1 leather armour of fire resistance.
  3256 | D:4      | 3256 ||| UPGRADING to +0 chain mail.
  3266 | D:4      | 3266 ||| UPGRADING to +0 pair of boots.
  3271 | D:4      | 3271 ||| READING 2 scrolls labelled MOTHRY LUTORR.
  3272 | D:4      | 3272 ||| READING scroll of enchant armour.
  3272 | D:4      | 3272 ||| ENCHANTING +0 pair of gloves.
  3273 | D:4      | 3273 ||| DRINKING 2 viscous amethyst potions.
  3297 | D:5      | Entered Level 5 of the Dungeon
  3305 | D:5      | 3305 ||| Stepping ~*~*~tactically~*~*~ (water).
  3337 | D:5      | Reached XP level 7. HP: 42/43 MP: 7/7
  3437 | D:5      | Reached skill level 7 in Axes
  3542 | D:5      | Found a glowing golden altar of the Shining One.
  3892 | D:5      | Noticed Blork the orc
  3904 | D:5      | Killed Blork the orc
  3905 | D:5      | Reached XP level 8. HP: 26/49 MP: 8/8
  3988 | D:5      | 3988 ||| SWAPPING to +0 broad axe.
  3989 | D:5      | 3989 ||| DROPPING +0 war axe.
  4272 | D:5      | 4272 ||| UPGRADING to +0 helmet.
  4277 | D:5      | 4277 ||| READING scroll labelled PESURH VAIQYK.
  4278 | D:5      | 4278 ||| READING scroll labelled WOMOOM WOLUSAAZA.
  4281 | D:5      | 4281 ||| READING scroll labelled HANAZX OXKAWE.
  4282 | D:5      | 4282 ||| DRINKING 2 fizzy blue potions.
  4282 | D:5      | Gained mutation: You expend magic power (3 MP) to
                  | strengthen your wands. [potion of mutation]
  4282 | D:5      | Gained mutation: Your spells are a little harder to cast,
                  | but a little more powerful. [potion of mutation]
  4282 | D:5      | Gained mutation: You have large cloven feet. [potion of
                  | mutation]
  4283 | D:5      | 4283 ||| DRINKING 2 bubbling emerald potions.
  4298 | D:6      | 4298 ||| Stepping ~*~*~tactically~*~*~ (stealth).
  4300 | D:6      | 4300 ||| Stepping ~*~*~tactically~*~*~ (stealth).
  4366 | D:6      | 4366 ||| Stepping ~*~*~tactically~*~*~ (hiding).
  4397 | D:6      | 4397 ||| DROPPING +0 flail.
  4398 | D:6      | 4398 ||| DROPPING +3 mace.
  4417 | D:6      | 4417 ||| Stepping ~*~*~tactically~*~*~ (stealth).
  4636 | D:6      | Reached skill level 8 in Axes
  4808 | D:6      | 4808 ||| UPGRADING to +2 buckler.
  4818 | D:6      | 4818 ||| DROPPING +0 buckler.
  4819 | D:6      | 4819 ||| READING scroll labelled VINODW URUYRCH.
  4820 | D:6      | 4820 ||| DRINKING 2 golden potions.
  4821 | D:6      | 4821 ||| READING 4 scrolls of identify.
  4821 | D:6      | 4821 ||| IDENTIFYING puce potion
  4822 | D:6      | 4822 ||| READING 3 scrolls of identify.
  4822 | D:6      | 4822 ||| IDENTIFYING sapphire potion
  4823 | D:6      | 4823 ||| READING 2 scrolls of identify.
  4823 | D:6      | 4823 ||| IDENTIFYING lumpy pink potion
  4824 | D:6      | 4824 ||| DROPPING potion of degeneration.
  4859 | D:7      | Noticed a wyvern
  4869 | D:7      | Killed a wyvern
  4870 | D:7      | Reached skill level 6 in Fighting
  5280 | D:7      | Found a staircase to the Ecumenical Temple.
  5281 | D:7      | 5281 ||| PLANNING TEMPLE
  5281 | D:7      | 5281 ||| UPGRADING to amulet of regeneration.
  5286 | D:7      | 5286 ||| UPGRADING to +5 ring of evasion.
  5295 | Temple   | Entered the Ecumenical Temple
  5469 | Temple   | 5469 ||| PLANNING OKAWARU WORSHIP
  5608 | Temple   | Became a worshipper of Warmaster Okawaru
  5609 | Temple   | 5609 ||| PLANNING D:1-11
  5653 | D:7      | Found a sparkling altar of Nemelex Xobeh.
  5653 | D:7      | Found a hide-covered altar of Uskayaw.
  5793 | D:7      | 5793 ||| Stepping ~*~*~tactically~*~*~ (stealth).
  5825 | D:7      | Reached skill level 1 in Throwing
  5834 | D:7      | Reached XP level 9. HP: 52/55 MP: 9/9
  6139 | D:7      | Noticed a hornet
  6141 | D:7      | Killed a hornet
  6141 | D:7      | Reached * piety under Okawaru
  6142 | D:7      | Reached skill level 9 in Axes
  6153 | D:7      | Reached skill level 1 in Invocations
  6167 | D:7      | 6167 ||| UPGRADING to +4 ring of slaying {mikee}.
  6180 | D:7      | Killed an unseen horror
  6198 | D:7      | Reached skill level 3 in Invocations
  6718 | D:8      | 6718 ||| Stepping ~*~*~tactically~*~*~ (hiding).
  6840 | D:8      | 6840 ||| Stepping ~*~*~tactically~*~*~ (hiding).
  6842 | D:8      | 6842 ||| INVOKING Heroism.
  6868 | D:8      | 6868 ||| DROPPING +4 flail of venom.
  6936 | D:8      | Noticed a two-headed ogre
  6937 | D:8      | 6937 ||| INVOKING Heroism.
  6942 | D:8      | Killed a two-headed ogre
  6942 | D:8      | Reached ** piety under Okawaru
  6943 | D:8      | Reached XP level 10. HP: 65/65 MP: 10/13
  7067 | D:8      | Noticed a gargoyle
  7075 | D:8      | Killed a gargoyle
  7076 | D:8      | Reached skill level 6 in Armour
  7231 | D:8      | Found Muagg's Weapon Emporium.
  7331 | D:8      | 7331 ||| DROPPING +1 ring mail of cold resistance.
  7332 | D:8      | 7332 ||| UPGRADING to +2 plate armour of willpower.
  7342 | D:8      | 7342 ||| DROPPING +0 chain mail.
  7372 | D:9      | 7372 ||| STAIRDANCE
  7450 | D:9      | Noticed an elephant
  7452 | D:9      | Found a staircase to the Lair.
  7452 | D:9      | Noticed a death yak
  7453 | D:9      | 7453 ||| INVOKING Heroism.
  7462 | D:9      | Killed an elephant
  7466 | D:9      | Reached *** piety under Okawaru
  7467 | D:9      | Reached skill level 10 in Axes
  7472 | D:9      | Reached skill level 3 in Throwing
  7472 | D:9      | 7472 ||| INVOKING Heroism.
  7476 | D:9      | Killed a death yak
  7624 | D:9      | Noticed a two-headed ogre
  7625 | D:9      | 7625 ||| Stepping ~*~*~tactically~*~*~ (stealth).
  7626 | D:9      | 7626 ||| Stepping ~*~*~tactically~*~*~ (stealth).
  7627 | D:9      | 7627 ||| Stepping ~*~*~tactically~*~*~ (stealth).
  7630 | D:9      | 7630 ||| INVOKING Heroism.
  7637 | D:9      | Killed a two-headed ogre
  7638 | D:9      | Reached skill level 6 in Shields
  7638 | D:9      | Reached XP level 11. HP: 69/69 MP: 12/14
  7774 | D:9      | 7774 ||| INVOKING Heroism.
  8146 | D:9      | 8146 ||| PLANNING LAIR
  8146 | D:9      | 8146 ||| DROPPING amulet of guardian spirit.
  8147 | D:9      | 8147 ||| READING 3 scrolls of identify.
  8147 | D:9      | 8147 ||| IDENTIFYING fizzy green potion
  8148 | D:9      | 8148 ||| DROPPING potion of invisibility.
  8199 | Lair:1   | Entered Level 1 of the Lair of Beasts
  8218 | Lair:1   | Reached **** piety under Okawaru
  8244 | Lair:1   | 8244 ||| READING scroll of enchant armour.
  8244 | Lair:1   | 8244 ||| ENCHANTING +1 pair of gloves.
  8258 | Lair:1   | 8258 ||| INVOKING Heroism.
  8288 | Lair:1   | 8288 ||| INVOKING Heroism.
  8328 | Lair:1   | 8328 ||| INVOKING Heroism.
  8342 | Lair:1   | Reached skill level 11 in Axes
  8351 | Lair:1   | Reached skill level 9 in Fighting
  8384 | Lair:1   | 8384 ||| Stepping ~*~*~tactically~*~*~ (stealth).
  8438 | Lair:1   | 8438 ||| INVOKING Heroism.
  8519 | Lair:1   | 8519 ||| INVOKING Heroism.
  8528 | Lair:1   | Reached skill level 9 in Armour
  8580 | Lair:1   | 8580 ||| INVOKING Heroism.
  8598 | Lair:1   | Reached skill level 6 in Invocations
  8784 | Lair:1   | 8784 ||| INVOKING Heroism.
  9115 | Lair:2   | 9115 ||| INVOKING Heroism.
  9150 | Lair:2   | Found a runed translucent gate.
  9150 | Lair:2   | Found a runed translucent gate.
  9151 | Lair:2   | Found a runed translucent gate.
  9152 | Lair:2   | Noticed qw's ghost (journeyman GrFi)
  9169 | Lair:2   | 9169 ||| INVOKING Heroism.
  9194 | Lair:2   | Reached XP level 12. HP: 76/76 MP: 17/17
  9251 | Lair:2   | 9251 ||| Stepping ~*~*~tactically~*~*~ (stealth).
  9252 | Lair:2   | 9252 ||| Stepping ~*~*~tactically~*~*~ (stealth).
  9254 | Lair:2   | Found a staircase to the Swamp.
  9262 | Lair:2   | Reached ***** piety under Okawaru
  9267 | Lair:2   | 9267 ||| INVOKING Heroism.
  9268 | Lair:2   | HP: 12/76 [bog body/bolt of cold (42)]
  9269 | Lair:2   | 9269 ||| READING 2 scrolls of teleportation.
  9269 | Lair:2   | HP: 4/76 [bog body (9)]
  9269 | Lair:2   | Mangled by a bog body

Levels and vault maps discovered:
D:1:      mrwooster_arrival_statue_2, layout_basic
D:2:      layout_loops_ring, hellmonk_ecumenical_altar_dog_temple,
          chequers_big_river
D:3:      layout_basic, mainiacjoe_overflow_brackets, kennysheep_generic_room_7
D:4:      gammafunk_cloud_chamber, layout_basic
D:5:      layout_loops_ring, nicolae_overflow_crystal_walls, serial_bayou,
          serial_bayou_lake_a, serial_bayou_shore_b, serial_bayou_lagoon_b,
          serial_bayou_pond_a, uniq_blork_the_orc
D:6:      layout_basic
D:7:      layout_layer_cave, mainiacjoe_overflow_divided_tiny,
          minmay_temple_entry_trees
D:8:      layout_loops_ring, serial_shops, nicolae_stop_n_shop_2
D:9:      layout_long_grid, david_lair_generic
Temple:   dpeg_five_rooms_temple
Lair:1:   layout_chaotic_city, serial_bayou_shore_a
Lair:2:   layout_cave_pods, skrybe_swamp_entry_bodies, gammafunk_ghost_split,
          infiniplex_staircase_pool, uniq_gastronok

Skill      XL: |  1  2  3  4  5  6  7  8  9 10 11 12 |
---------------+-------------------------------------+-----
Axes           | 2 3 5 6 7 8 9 10 11 | 11.8
Dodging        | 1 |  1.0
Fighting       | 4 5 6 8 9 |  9.0
Armour         | 4 5 8 9 |  9.0
Throwing       | 1 2 3 4 |  4.0
Invocations    | 4 7 8 |  8.2
Shields        | 4 6 |  6.1

Action                     |  1- 3 |  4- 6 |  7- 9 | 10-12 || total
---------------------------+-------+-------+-------+-------++-------
  Melee: War axe           |   153 |   173 |    80 |       ||   406
         Broad axe         |       |       |   213 |   210 ||   423
  Throw: Boomerang         |       |    31 |    15 |     9 ||    55
         Javelin           |       |       |    11 |    51 ||    62
 Invoke: Heroism           |       |       |     2 |    14 ||    16
    Use: Scroll            |     3 |     5 |     7 |     3 ||    18
         Potion            |       |     1 |     3 |       ||     4
 Armour: Scale mail        |    75 |    79 |       |       ||   154
         Ring mail         |       |    59 |       |       ||    59
         Chain mail        |       |     5 |   163 |     3 ||   171
         Plate armour      |       |       |       |    97 ||    97
  Dodge: Dodged            |    64 |    99 |   175 |   104 ||   442
  Block: Buckler           |    25 |    36 |    93 |    76 ||   230

Table legend:
 A = Non-vault XP
 B = Vault XP
 C = Vault XP percentage of total XP
 D = Non-vault monster count
 E = Vault monster count
 F = Vault count percentage of total count
                 A         B        C        D         E       F
            +---------+---------+-------+---------+---------+-------
      Total |   18259 |    2396 |  11.6 |     218 |      12 |   5.2
            +---------+---------+-------+---------+---------+-------
        D:1 |      38 |       0 |   0.0 |      23 |       0 |   0.0
        D:2 |      48 |       8 |  14.3 |      18 |       4 |  18.2
        D:3 |     230 |       4 |   1.7 |      23 |       2 |   8.0
        D:4 |     273 |       0 |   0.0 |      23 |       0 |   0.0
        D:5 |     602 |      90 |  13.0 |      18 |       1 |   5.3
        D:6 |     363 |       0 |   0.0 |      12 |       0 |   0.0
        D:7 |    1955 |       0 |   0.0 |      18 |       0 |   0.0
        D:8 |    2014 |       0 |   0.0 |      14 |       0 |   0.0
        D:9 |    2800 |    1621 |  36.7 |      23 |       4 |  14.8
     Lair:1 |    6662 |       0 |   0.0 |      30 |       0 |   0.0
     Lair:2 |    3274 |     673 |  17.1 |      16 |       1 |   5.9
            +---------+---------+-------+---------+---------+-------
